 Dungeon Crawl Stone Soup version 0.28-a0-691-gad6df49e81 (webtiles) character file.

Game seed: 15036345653576756266

144 pascalblue the Conjurer (level 5, -3/28 HPs)
             Began as a Deep Elf Conjurer on Oct 21, 2021.
             Slain by a bullfrog skeleton (5 damage)
             ... on level 4 of the Dungeon.
             The game lasted 00:06:31 (2796 turns).

pascalblue the Conjurer (Deep Elf Conjurer)         Turns: 2796, Time: 00:06:32

Health: -3/28      AC:  2    Str:  4    XL:     5   Next: 5%
Magic:  0/13       EV: 12    Int: 24    God:
Gold:   141        SH:  0    Dex: 13    Spells: 2/13 levels left

rFire   . . .      SeeInvis .   h - +2 short sword (elec)
rCold   . . .      Faith    .   (no shield)
rNeg    . . .      Spirit   .   a - +0 robe
rPois   .          Reflect  .   (no helmet)
rElec   .          Harm     .   (no cloak)
rCorr   .          Rampage  .   (no gloves)
Will    .....                   (no boots)
Stlth   ++........              (no amulet)
HPRegen 0.09/turn               (no ring)
MPRegen 0.13/turn               (no ring)

@: no status effects
A: no striking features
a: no special abilities


You were on level 4 of the Dungeon.
You visited 1 branch of the dungeon, and saw 4 of its levels.

You collected 141 gold pieces.

Inventory:

Hand Weapons
 e - a +0 dagger
 h - a +2 short sword of electrocution (weapon)
Armour
 a - a +0 robe (worn)
Jewellery
 j - an amulet of guardian spirit
Wands
 m - a wand of paralysis (6)
Scrolls
 b - a scroll of noise {unknown}
 d - a scroll of immolation {unknown}
 f - 3 scrolls of vulnerability {unknown}
 g - 5 scrolls of teleportation {unknown}
 i - a scroll of fog {unknown}
 k - a scroll of summoning {unknown}
 l - a scroll of identify {unknown}
 n - a scroll of magic mapping {unknown}
Potions
 c - a potion of invisibility {unknown}
 o - a potion of flight {unknown}


   Skills:
 - Level 2.4 Dodging
 - Level 2.4 Stealth
 + Level 4.5 Spellcasting
 * Level 6.0 Conjurations
 + Level 1.4 Hexes
 + Level 1.1 Translocations


You had 2 spell levels left.
You knew the following spells:

 Your Spells              Type           Power      Damage    Failure   Level
a - Magic Dart            Conj           100%       1d8       1%          1
b - Searing Ray           Conj           68%        2d6       1%          2
c - Fulminant Prism       Conj/Hex       11%        3d9       21%         4
d - Iskenderun's Mystic   Conj/Tloc      22%        2d6       22%         4

Your spell library contained the following spells:

 Spells                   Type           Power      Damage    Failure   Level
 Dazzling Flash           Conj/Hex       46%        N/A       6%          3


Dungeon Overview and Level Annotations

Branches:
Dungeon (4/15)
 Temple: D:4-7

Altars:

Shops:
D:2 (


Message History

You kill the orc!
A bullfrog skeleton comes into view.
Casting: Magic Dart (safe; 1% risk of failure)
Confirm with . or Enter, or press ? or * to list all spells.
Aiming: Magic Dart (safe; 1% risk of failure)
Press: ? - help, Shift-Dir - straight line, f - bullfrog skeleton
Aim: a bullfrog skeleton (100% to hit)
The magic dart hits the bullfrog skeleton.
The bullfrog skeleton is lightly damaged.
Casting: Magic Dart (safe; 1% risk of failure)
Confirm with . or Enter, or press ? or * to list all spells.
Aiming: Magic Dart (safe; 1% risk of failure)
Press: ? - help, Shift-Dir - straight line, f/p - bullfrog skeleton
Aim: a bullfrog skeleton (lightly damaged, 100% to hit)
The magic dart hits the bullfrog skeleton.
The bullfrog skeleton is lightly damaged.
You barely miss the bullfrog skeleton.
The bullfrog skeleton is lightly damaged.
The bullfrog skeleton hits you. x2
You hit the bullfrog skeleton.
The bullfrog skeleton is moderately damaged.
The bullfrog skeleton closely misses you.
You hit the bullfrog skeleton but do no damage.
The bullfrog skeleton is moderately damaged.
The bullfrog skeleton hits you.
* * * LOW HITPOINT WARNING * * *
The bullfrog skeleton hits you.
* * * LOW HITPOINT WARNING * * *
Okay, then.
Casting: Magic Dart (safe; 1% risk of failure)
Confirm with . or Enter, or press ? or * to list all spells.
Aiming: Magic Dart (safe; 1% risk of failure)
Press: ? - help, Shift-Dir - straight line, f/p - bullfrog skeleton
Aim: a bullfrog skeleton (moderately damaged, 100% to hit)
The magic dart hits the bullfrog skeleton.
The bullfrog skeleton is heavily damaged.
The bullfrog skeleton barely misses you.
The bullfrog skeleton completely misses you.
The bullfrog skeleton hits you.
You die...

##########
.......@.#
########Z#
# #.#.#
#.#.#####
#...)))..
#<.####.#
#>.# #..#
#..#


You could see a bullfrog skeleton.

Vanquished Creatures
  An orc wizard (D:4)
  A gnoll (D:1)
  2 adders
  A worm (D:2)
  3 dart slugs
  8 orcs
  7 ball pythons
  8 bats
  7 endoplasms
  4 giant cockroaches
  4 goblins
  8 hobgoblins
  3 jackals (D:1)
  4 kobolds
  A quokka (D:3)
  2 frilled lizards
  6 rats
70 creatures vanquished.

Notes
Turn   | Place    | Note
-------+----------+-------------------------------------------
     0 | D:1      | pascalblue the Deep Elf Conjurer began the quest for the
                  | Orb.
     0 | D:1      | Reached XP level 1. HP: 10/10 MP: 6/6
    98 | D:1      | Reached XP level 2. HP: 15/15 MP: 2/8
   311 | D:1      | Reached skill level 5 in Conjurations
   496 | D:1      | Found a faded altar of an unknown god.
   624 | D:1      | Reached XP level 3. HP: 19/19 MP: 2/10
   627 | D:1      | Learned a level 2 spell: Searing Ray
  1242 | D:2      | Found Vegryox's Weapon Emporium.
  1713 | D:2      | Reached XP level 4. HP: 24/24 MP: 9/12
  1780 | D:2      | Learned a level 4 spell: Fulminant Prism
  1785 | D:2      | Learned a level 4 spell: Iskenderun's Mystic Blast
  2308 | D:3      | Reached skill level 1 in Hexes
  2774 | D:4      | Reached skill level 6 in Conjurations
  2774 | D:4      | Reached skill level 1 in Translocations
  2774 | D:4      | Reached XP level 5. HP: 22/28 MP: 3/13
  2796 | D:4      | Slain by a bullfrog skeleton

Illustrated notes

Levels and vault maps discovered:
D:1:      eino_arrival_cavern_a, layout_basic, basic_ecumenical_altar,
          st_stairs_11, minivault_24, minmay_misc_feat_rugged
D:2:      layout_loops_ring, serial_shops, shop_fountains
D:3:      layout_basic, chequers_garden
D:4:      layout_loops_ring, minmay_quadrilaterals, uniq_sigmund

Skill      XL: |  1  2  3  4 |
---------------+-------------+-----
Conjurations   | 5 6 |  6.0
Spellcasting   | 4 |  4.5
Hexes          | 1 |  1.4
Translocations | 1 |  1.1
Dodging        | |  2.4
Stealth        | |  2.4

Action                   |  1- 3 |  4- 6 || total
-------------------------+-------+-------++-------
Melee: Short sword       |       |     3 ||     3
 Cast: Magic Dart        |    71 |    64 ||   135
       Searing Ray       |       |     1 ||     1
Armor: Robe              |     2 |       ||     2
Dodge: Dodged            |     6 |     3 ||     9

Table legend: (Time is in decaauts)
 A = Elapsed time spent in this place.
 B = Non-inter-level travel time spent in this place.
 C = Inter-level travel time spent in this place.
 D = Time resting spent in this place.
 E = Time spent auto-exploring this place.
 F = Levels seen in this place.
 G = Mean time per level.
                   A        B        C        D        E       F      G
               +--------+--------+--------+--------+--------+-----+--------+
         Total |   2795 |   2677 |    118 |      0 |   2407 |   4 |  698.8 |
       Dungeon |   2795 |   2677 |    118 |      0 |   2407 |   4 |  698.8 |
               +--------+--------+--------+--------+--------+-----+--------+

Top non-repeatable levels by time:
     D:1: 1159 daAuts
     D:2: 842 daAuts
     D:3: 759 daAuts
     D:4: 35 daAuts
